 Dungeon Crawl Stone Soup version 0.26-a0-712-ga5a9c9c9d0 (webtiles) character file.

Game seed: 13916455287743103774

6842 Apogee the Martial Artist (level 10, -4/88 HPs)
             Began as a White Draconian Transmuter on Nov 10, 2020.
             Was a Priest of Yredelemnul.
             Slain by a freezing wraith (5 damage)
             ... on level 9 of the Dungeon on Nov 12, 2020.
             The game lasted 00:23:01 (10192 turns).

Apogee the Martial Artist (DrTm)                   Turns: 10192, Time: 00:23:02

Health: -4/88      AC: 12    Str: 12    XL:     10   Next: 78%
Magic:  1/16       EV: 14    Int: 23    God:    Yredelemnul [***...]
Gold:   1004       SH:  0    Dex: 18    Spells: 8/17 levels left

rFire    . . .     SeeInvis .     - Unarmed
rCold    + . .     Faith    .   (no shield)
rNeg     . . .     Spirit   .   (armour unavailable)
rPois    +         Reflect  .   (helmet restricted)
rElec    .         Harm     .   r - +0 cloak
rCorr    .         Rampage  .   (no gloves)
MR       .....                  (no boots)
Stlth    ++........             (no amulet)
HPRegen  0.24/turn              m - ring "Xoys" {rPois AC+4 Int+4 Dex+2}
MPRegen  0.15/turn              c - +6 ring of intelligence

@: hasted and slowed
A: breathe frost, unfitting armour, cold resistance 1, cold-blooded, AC +7
a: Breathe Frost, Recall Undead Slaves, Injury Mirror, Animate Dead, Renounce
Religion


You were on level 9 of the Dungeon.
You worshipped Yredelemnul.
Yredelemnul was most pleased with you.
You visited 1 branch of the dungeon, and saw 9 of its levels.

You collected 1004 gold pieces.

Inventory:

Hand Weapons
 s - a +2 quarterstaff of chaos
   (You took it off Crazy Yiuf on level 7 of the Dungeon)
 z - the +5 trident of the Walnut {vorpal, rF+, unknown}
   (You found it on level 8 of the Dungeon)

   It inflicts extra damage upon your enemies.
   It protects you from fire.
Armour
 r - a +0 cloak (worn)
   (You took it off Crazy Yiuf on level 7 of the Dungeon)
 y - a +0 buckler
   (You found it on level 8 of the Dungeon)
Magical Staves
 l - an uncursed staff of fire {unknown}
   (You found it on level 3 of the Dungeon)
Jewellery
 c - a +6 ring of intelligence (right hand)
   (You found it on level 1 of the Dungeon)
 k - an uncursed ring of magical power {unknown}
   (You found it on level 2 of the Dungeon)
 m - the ring "Xoys" (left hand) {rPois AC+4 Int+4 Dex+2}
   (You found it on level 4 of the Dungeon)

   [ring of protection]

   It affects your AC (+4).
   It affects your intelligence (+4).
   It affects your dexterity (+2).
   It protects you from poison.
 w - an uncursed ring of ice {unknown}
   (You found it on level 8 of the Dungeon)
 E - a cursed amulet of inaccuracy {unknown}
   (You found it on level 9 of the Dungeon)
Wands
 d - a wand of iceblast (7)
   (You found it on level 2 of the Dungeon)
 o - a wand of polymorph (15)
   (You found it on level 4 of the Dungeon)
 p - a wand of enslavement (13)
   (You found it on level 4 of the Dungeon)
 t - a wand of flame (20)
   (You found it on level 9 of the Dungeon)
Scrolls
 a - 2 scrolls of amnesia {unknown}
 f - 7 scrolls of remove curse {unknown}
 g - 4 scrolls of teleportation {unknown}
 i - 2 scrolls of blinking {unknown}
 j - 5 scrolls of identify {unknown}
 q - a scroll of enchant armour {unknown}
 u - a scroll of brand weapon {unknown}
 v - a scroll of noise {unknown}
 x - a scroll of immolation {unknown}
 B - a scroll of fog {unknown}
 C - a scroll of fear {unknown}
 D - a scroll of acquirement {unknown}
Potions
 b - 3 potions of flight
 e - 3 potions of heal wounds {unknown}
 h - 3 potions of cancellation
 n - 3 potions of brilliance {unknown}
 A - 2 potions of haste {@q3}


   Skills:
 + Level 7.7 Fighting
 * Level 4.0 Dodging
 - Level 4.1 Shields
 + Level 9.6 Unarmed Combat
 - Level 4.0 Spellcasting
 - Level 8.0 Transmutations
 - Level 4.2 Poison Magic
 - Level 4.0 Invocations


You had 8 spell levels left.
You knew the following spells:

 Your Spells              Type           Power        Failure   Level
a - Beastly Appendage     Tmut           #####.       1%          1
b - Blade Hands           Tmut           #####.....   11%         5
x - Spider Form           Tmut/Pois      ####......   2%          3

Your spell library contained the following spells:

 Spells                   Type           Power        Failure   Level
 Wereblood                Tmut           #####...     1%          2
 Summon Small Mammal      Summ           #...         11%         1
 Call Imp                 Summ           #.......     16%         2
 Ice Form                 Ice/Tmut       ###.....     21%         4
 Call Canine Familiar     Summ           #.......     30%         3
 Summon Guardian Golem    Hex/Summ       #.......     30%         3
 Summon Ice Beast         Ice/Summ       #.......     71%         4
 Summon Lightning Spire   Summ/Air       #.......     71%         4


Dungeon Overview and Level Annotations

Branches:
Dungeon (9/15)             Temple (0/1) D:7
   Lair: D:8-11         Orc: D:9-12

Altars:
Ashenzari
Cheibriados
Fedhas
Gozag
Okawaru
Ru
Sif Muna
Wu Jian
Yredelemnul
Zin
The Shining One

Annotations:
D:7 2 transporters, Yendr0's ghost, novice MiFi


Innate Abilities, Weirdness & Mutations

You can breathe waves of freezing cold.
You can buffet flying creatures when you breathe cold.
Your icy white scales are hard. (AC +7)
You cannot fit into any form of body armour.
Your flesh is cold resistant. (rC+)
You are cold-blooded and may be slowed by cold attacks.


Message History

The acid dragon, the troll and the orc warrior are drained of life.
You feel life flooding into your body. The troll bites you but does no damage.
The troll barely misses you. The troll claws you.
* * * LOW HITPOINT WARNING * * *
You hit the troll. The troll bites you!
* * * LOW HITPOINT WARNING * * *
The troll claws you but does no damage. The troll barely misses you.
The acid dragon spits acid at you. The splash of acid hits you.
* * * LOW HITPOINT WARNING * * *
You are splashed with acid!
* * * LOW HITPOINT WARNING * * *
Okay, then.
Okay, then.
You draw life from your surroundings.
The acid dragon, the troll and the orc warrior are drained of life.
You feel life flooding into your body.
You can no longer drain ambient life force.
The orc warrior hits you with a +0 mace!
* * * LOW HITPOINT WARNING * * *
The troll misses you. The troll claws you.
* * * LOW HITPOINT WARNING * * *
The troll claws you.
* * * LOW HITPOINT WARNING * * *
You slash the troll!
You kill the troll!
Yredelemnul accepts your kill.
The orc warrior hits you but does no damage.
The freezing wraith barely misses you. The freezing wraith hits you.
* * * LOW HITPOINT WARNING * * *
The freezing wraith drains your vigour!
You feel yourself slow down. The acid dragon barely misses you. x2
Unknown command.
You slice the acid dragon!!
You kill the acid dragon!
Yredelemnul accepts your kill.
The acid dragon scales are intact enough to wear.
Your Dodging skill increases to level 4!
Your hands revert to their normal proportions.
The freezing wraith hits you but does no damage.
The freezing wraith closely misses you. The orc warrior misses you.
The freezing wraith closely misses you. The freezing wraith hits you!
* * * LOW HITPOINT WARNING * * *
It was a potion of haste.
You feel yourself speed up. The freezing wraith hits you.
* * * LOW HITPOINT WARNING * * *
The freezing wraith freezes you. You resist.
You die...
Your body rises from the dead as a mindless zombie.

............###.#................
..........###...##.............##
..........#......#############.#
.........###..#..## #.#
.......###.'......### #.#
.......#...##...#'#.##########.#
.......##...#.###...##.........##
........'.#####......#...........
##......###.#..o@.#..##..........
#....###...##.W###...#.#########
#..### ....#.†.###..### ###
#..##..#.....# #+#...#....).####
# ##(##..##...###..# #.
!/)#...'.### #..# #. #?###..###
#..######### #####..
###.....######...........


You could see a freezing wraith and an orc warrior.

Vanquished Creatures
  A two-headed ogre (D:8)
  An efreet (D:9)
  A troll (D:9)
  Prince Ribbit (D:7)
  Sigmund (D:6)
  2 wyverns
  6 yaks (D:8)
  Menkaure (D:5)
  An acid dragon (D:9)
  A water moccasin (D:3)
  2 orc warriors (D:9)
  An ice beast (D:5)
  A phantom (D:8)
  2 sky beasts
  2 black bears (D:8)
  An eye of draining (D:8)
  6 ogres
  3 centaurs
  4 bullfrogs
  A wyvern skeleton (D:8)
  4 scorpions
  3 wights (D:7)
  A centaur zombie (D:7)
  2 bullfrog zombies
  3 jellies
  7 hounds
  An orc priest (D:6)
  A gnoll shaman (D:5)
  Crazy Yiuf (D:7)
  A centaur skeleton (D:4)
  6 bullfrog skeletons
  7 iguanas
  7 orc wizards
  7 worker ants
  A hound skeleton (D:9)
  A worker ant zombie (D:5)
  14 adders
  12 gnolls
  4 river rats (D:5)
  2 shadow imps
  2 white imps (D:5)
  4 ufetubi
  An ooze (D:3)
  An adder zombie (D:9)
  2 adder skeletons
  3 worms (D:4)
  6 leopard geckos
  15 orcs
  11 bats
  3 giant cockroaches
  4 goblins
  10 hobgoblins
  4 jackals (D:3)
  3 kobolds
  7 quokkas
  6 frilled lizards
  A jackal skeleton (D:5)
  4 rats
211 creatures vanquished.

Vanquished Creatures (collateral kills)
  An orc wizard (D:9)
  An iguana (D:9)
  A gnoll (D:5)
  A shadow imp (D:5)
4 creatures vanquished.

Vanquished Creatures (others)
  A wight (D:9)
  A scorpion zombie (D:5)
  61 plants
63 creatures vanquished.

Grand Total: 278 creatures vanquished

Notes
Turn   | Place    | Note
-------+----------+-------------------------------------------
     0 | D:1      | Apogee the Draconian Transmuter began the quest for the
                  | Orb.
     0 | D:1      | Reached XP level 1. HP: 16/16 MP: 3/3
   212 | D:1      | Reached XP level 2. HP: 15/23 MP: 5/5
  1191 | D:2      | Reached XP level 3. HP: 26/29 MP: 6/6
  1437 | D:2      | Reached skill level 4 in Unarmed Combat
  1631 | D:2      | Found a glowing golden altar of the Shining One.
  1633 | D:2      | Noticed an angel
  1645 | D:2      | Found a basalt altar of Yredelemnul.
  1647 | D:2      | Noticed a profane servitor
  1653 | D:2      | Became a worshipper of Yredelemnul the Dark
  1822 | D:2      | Reached XP level 4. HP: 29/36 MP: 5/7
  1925 | D:3      | Noticed a water moccasin
  1944 | D:3      | Killed a water moccasin
  1944 | D:3      | Reached XP level 5. HP: 23/44 MP: 8/8
  2336 | D:2      | Reached skill level 5 in Unarmed Combat
  2481 | D:3      | Reached XP level 6. HP: 31/51 MP: 7/9
  2620 | D:3      | Reached * piety under Yredelemnul
  2772 | D:3      | Learned a level 3 spell: Spider Form
  2867 | D:4      | Got an ancient ivory ring
  2868 | D:4      | Identified the ring "Xoys" {rPois AC+4 Int+4 Dex+2} (You
                  | found it on level 4 of the Dungeon)
  2950 | D:4      | Reached skill level 6 in Unarmed Combat
  2950 | D:4      | Reached skill level 1 in Poison Magic
  2950 | D:4      | Your scales start taking on an icy white colour.
  2950 | D:4      | Reached XP level 7. HP: 58/59 MP: 2/10
  2950 | D:4      | Gained mutation: Your flesh is cold resistant. (rC+) [White
                  | Draconian growth]
  3653 | D:5      | Entered Level 5 of the Dungeon
  3688 | D:5      | Learned a level 5 spell: Blade Hands
  3706 | D:5      | Noticed Menkaure
  3716 | D:5      | Killed Menkaure
  3716 | D:5      | Reached skill level 7 in Unarmed Combat
  3964 | D:5      | Reached skill level 5 in Fighting
  4035 | D:5      | Reached XP level 8. HP: 59/68 MP: 9/11
  4208 | D:5      | Reached ** piety under Yredelemnul
  4349 | D:5      | Found a snail-covered altar of Cheibriados.
  4438 | D:5      | Reached skill level 8 in Unarmed Combat
  5419 | D:6      | Reached skill level 5 in Transmutations
  5460 | D:6      | Noticed Sigmund
  5475 | D:6      | Killed Sigmund
  5475 | D:6      | Reached XP level 9. HP: 62/74 MP: 13/15
  5775 | D:6      | You fall into a shaft and drop 1 floor!
  5775 | D:7      | Found a runed translucent door.
  5776 | D:7      | Noticed Crazy Yiuf
  5782 | D:7      | Killed Crazy Yiuf
  5905 | D:7      | Found an iron altar of Okawaru.
  5908 | D:7      | Noticed Prince Ribbit
  5940 | D:7      | Killed Prince Ribbit
  6060 | D:7      | Found a shimmering blue altar of Sif Muna.
  6195 | D:7      | Reached *** piety under Yredelemnul
  6323 | D:7      | Reached skill level 1 in Invocations
  6407 | D:7      | Noticed a queen bee
  6433 | D:7      | Found a transporter.
  6437 | D:7      | Found a transporter.
  6437 | D:7      | Noticed Yendr0's ghost (novice MiFi)
  6638 | D:7      | Found a staircase to the Ecumenical Temple.
  6692 | D:7      | Found a glowing silver altar of Zin.
  7554 | D:8      | Reached XP level 10. HP: 83/83 MP: 16/16
  7567 | D:8      | Found a sacrificial altar of Ru.
  7570 | D:8      | Found a blossoming altar of Fedhas.
  7570 | D:8      | Found a broken altar of Ashenzari.
  7600 | D:8      | Reached skill level 1 in Shields
  7673 | D:8      | Noticed a two-headed ogre
  7683 | D:8      | Killed a two-headed ogre
  7683 | D:8      | Reached skill level 9 in Unarmed Combat
  7958 | D:8      | Received a gift from Yredelemnul (a mummy)
  8254 | D:8      | Got a polished trident
  8538 | D:8      | Found an ornate altar of the Wu Jian Council.
  8777 | D:9      | Received a gift from Yredelemnul (a wight)
  9117 | D:9      | Found an opulent altar of Gozag.
  9615 | D:9      | Reached **** piety under Yredelemnul
 10191 | D:9      | HP: 2/88 [freezing wraith (14)]
 10192 | D:9      | Slain by a freezing wraith

Illustrated notes

Levels and vault maps discovered:
D:1:      dpeg_arrival_tiny_k, layout_basic
D:2:      kennysheep_six_static_rooms, layout_basic,
          grunt_temple_overflow_holy_war
D:3:      kennysheep_goblin_castle, layout_loops_ring,
          chequers_serial_rivers_micro_d
D:4:      layout_loops_cross
D:5:      wad_woods_tower, layout_basic, lemuel_round_altar, uniq_menkaure
D:6:      layout_basic, kennysheep_vampire_church, serial_shops, shop,
          uniq_sigmund
D:7:      layout_rooms, zin_treasury, minmay_temple_entry_enclosed_plants,
          gammafunk_ghost_hive, basic_altar, serial_corexii_hall,
          chequers_hall_statues_wall_a, chequers_hall_statues_wall_a,
          kennysheep_cluttered_room, chequers_serial_rivers_micro_d,
          st_stairs_1, minmay_misc_feat_pillars, okawaru_trees_2,
          uniq_prince_ribbit1, uniq_crazy_yiuf_cottage
D:8:      minmay_polygon_palace, layout_basic, grunt_temple_overflow_open
D:9:      minmay_slanted_spiral_squares, layout_long_grid,
          nicolae_gozag_seed_capital, minmay_shattered_shrine

Skill      XL: |  1  2  3  4  5  6  7  8  9 10 |
---------------+-------------------------------+-----
Fighting       | 2 3 4 5 6 7 |  7.7
Unarmed Combat | 4 5 6 7 8 9 |  9.6
Transmutations | 3 4 5 8 |  8.0
Poison Magic   | 1 2 4 |  4.2
Spellcasting   | 4 |  4.0
Invocations    | 4 |  4.0
Shields        | 4 |  4.1
Dodging        | 4 |  4.0

Action                   |  1- 3 |  4- 6 |  7- 9 | 10-12 || total
-------------------------+-------+-------+-------+-------++-------
Melee: Unarmed           |   113 |    95 |   286 |   150 ||   644
       Kick              |    10 |    17 |    26 |       ||    53
       Headbutt          |     3 |     8 |    17 |       ||    28
       Tailslap          |     4 |     9 |    26 |    16 ||    55
       Punch             |     1 |     2 |     9 |     7 ||    19
 Cast: Beastly Appendage |    11 |    15 |    22 |       ||    48
       Spider Form       |       |     3 |    19 |     1 ||    23
       Blade Hands       |       |       |     7 |    16 ||    23
Invok: Animate Remains   |       |       |     1 |       ||     1
       Animate Dead      |       |       |     3 |       ||     3
       Drain Life        |       |       |       |     2 ||     2
 Abil: Breathe Frost     |       |       |     8 |     1 ||     9
       End Transformatio |       |       |     6 |     1 ||     7
Evoke: Wand              |       |     3 |       |     1 ||     4
  Use: Potion            |       |     4 |       |     1 ||     5
 Stab: Sleeping          |     1 |     1 |     5 |     1 ||     8
Armor: Skin              |    44 |    42 |    66 |    58 ||   210
Dodge: Dodged            |    78 |    73 |   138 |    93 ||   382

Table legend: (Time is in decaauts)
 A = Elapsed time spent in this place.
 B = Non-inter-level travel time spent in this place.
 C = Inter-level travel time spent in this place.
 D = Time resting spent in this place.
 E = Time spent auto-exploring this place.
 F = Levels seen in this place.
 G = Mean time per level.
                   A        B        C        D        E       F      G
               +--------+--------+--------+--------+--------+-----+--------+
         Total |  10121 |   9994 |    127 |   1604 |   6597 |   9 | 1124.6 |
       Dungeon |  10121 |   9994 |    127 |   1604 |   6597 |   9 | 1124.6 |
               +--------+--------+--------+--------+--------+-----+--------+

Top non-repeatable levels by time:
     D:9: 1523 daAuts
     D:5: 1504 daAuts
     D:8: 1471 daAuts
     D:7: 1390 daAuts
     D:2: 1123 daAuts
     D:4: 1110 daAuts
     D:1: 841 daAuts
     D:3: 695 daAuts
     D:6: 461 daAuts
